 Dungeon Crawl Stone Soup version 0.28.0-53-g5a82cb258f (webtiles) character file.

Game seed: 5360141407790779741

0 Deemzul the Firebug (level 1, 0/11 HPs)
             Began as an Octopode Fire Elementalist on July 24, 2022.
             Slain by a gnoll
             ... wielding a +0 flail
              (11 damage)
             ... on level 1 of the Dungeon.
             The game lasted 00:00:07 (36 turns).

Deemzul the Firebug (Octopode Fire Elementalist)      Turns: 36, Time: 00:00:07

Health: 0/11       AC:  1    Str:  7    XL:     1   Next: 0%
Magic:  0/3        EV: 13    Int: 17    God:
Gold:   0          SH:  0    Dex: 12    Spells: 3/4 levels left

rFire   . . .      SeeInvis .   (no weapon)
rCold   . . .      Faith    .   (no shield)
rNeg    . . .      Spirit   .   (helmet restricted)
rPois   .          Reflect  .   (no amulet)
rElec   .          Harm     .   (no ring)
rCorr   .          Rampage  .   (no ring)
Will    .....                   (no ring)
Stlth   +++.......              (no ring)
HPRegen 0.03/turn               (no ring)
MPRegen 0.08/turn               (no ring)
                                (no ring)
                                (no ring)

@: no status effects
A: almost no armour, amphibious, 8 rings, camouflage 1, gelatinous body 1,
(nimble swimmer 1), tentacles
a: no special abilities


You were on level 1 of the Dungeon.
You visited 1 branch of the dungeon, and saw 1 of its levels.

You aren't carrying anything.


   Skills:
 + Level 2.0 Dodging
 + Level 2.6 Stealth
 + Level 2.0 Spellcasting
 + Level 1.0 Conjurations
 + Level 3.0 Fire Magic


You had 3 spell levels left.
You knew the following spells:

 Your Spells              Type           Power      Damage    Failure   Level
a - Foxfire               Conj/Fire      32%        2x1d5     9%          1

Your spell library contained the following spells:

 Spells                   Type           Power      Damage    Failure   Level
 Scorch                   Fire           22%        2d6       9%          2
 Conjure Flame            Conj/Fire      8%         6-21      26%         3
 Inner Flame              Hex/Fire       6%         N/A       30%         3
 Flame Wave               Conj/Fire      8%         2d5       63%         4


Dungeon Overview and Level Annotations

Branches:
Dungeon (1/15)

Altars:


Innate Abilities, Weirdness & Mutations

You cannot wear most types of armour.
You are amphibious.
You can wear up to eight rings at the same time.
Your skin changes colour to match your surroundings (Stealth+).
Your rubbery body absorbs attacks. (AC +1, EV +1)
((You are camouflaged when in or above water. (Stealth+)))
You have tentacles for arms and can constrict up to eight enemies at once.


Message History

Found a staircase leading out of the dungeon.
Found a war axe.
Found 18 stones.
A gnoll comes into view. It is wielding a +0 flail.
A gnoll is nearby!
A gnoll is nearby!
Casting: Foxfire (safe; 9% risk of failure)
Confirm with . or Enter, or press ? or * to list all spells.
You conjure some foxfire!
Unknown command.
Casting: Foxfire (safe; 9% risk of failure)
Confirm with . or Enter, or press ? or * to list all spells.
You conjure some foxfire!
The foxfire hits the gnoll.
The gnoll is lightly wounded.
The gnoll shouts!
The foxfire hits the gnoll.
The gnoll is moderately wounded.
Unknown command.
Casting: Foxfire (safe; 9% risk of failure)
Confirm with . or Enter, or press ? or * to list all spells.
You conjure some foxfire!
Unknown command.
Your foxfire dissipates!
The foxfire hits the gnoll.
The gnoll is moderately wounded.
Casting: Foxfire (safe; 9% risk of failure)
Confirm with . or Enter, or press ? or * to list all spells.
You don't have enough magic to cast this spell.
Casting: Foxfire (safe; 9% risk of failure)
Confirm with . or Enter, or press ? or * to list all spells.
You don't have enough magic to cast this spell.
You tentacle-slap the gnoll. You grab the gnoll.
The gnoll is heavily wounded.
You constrict the gnoll. The gnoll closely misses you.
You tentacle-slap the gnoll but do no damage.
The gnoll is heavily wounded.
You constrict the gnoll, but do no damage.
The gnoll hits you with a +0 flail!
Ouch! That really hurt!
You die...

#..##.....#
##.##.###.#
#.........#
#...##.###.#
(.......#.# #.#
...........# #.#
######.##### #.#
#
#.#######.####.#
#........@g....#
#########.##.###
#.##.# #.#...
#...... #.......
.........
#.......##


You could see a gnoll.

Vanquished Creatures (others)
  2 foxfires (D:1)
2 creatures vanquished.

Notes
Turn   | Place    | Note
-------+----------+-------------------------------------------
     0 | D:1      | Deemzul the Octopode Fire Elementalist began the quest for
                  | the Orb.
     0 | D:1      | Reached XP level 1. HP: 11/11 MP: 3/3
    36 | D:1      | Slain by a gnoll

Illustrated notes

Levels and vault maps discovered:
D:1:      shiori_arrival_oz, layout_loops_ring, ebering_ecumenical_altar_ruins,
          minmay_worlds_worst_comb

Action                   || total
-------------------------++-------
Melee: Unarmed           ||     2
       Constrict         ||     1
 Cast: Foxfire           ||     3
Dodge: Dodged            ||     1
